 Dungeon Crawl Stone Soup version 0.26-b1-32-g5d43845318 (webtiles) character file.

Game seed: 3589334228989414674

66 MajorAdolf the Magician (level 4, 0/40 HPs)
             Began as a Naga Wanderer on Jan 10, 2021.
             Slain by a gnoll (2 damage)
             ... on level 2 of the Dungeon.
             The game lasted 00:02:24 (2261 turns).

MajorAdolf the Magician (Naga Wanderer)             Turns: 2261, Time: 00:02:25

Health: 0/40       AC:  4    Str: 17    XL:     4   Next: 15%
Magic:  8/8        EV:  8    Int: 12    God:
Gold:   93         SH:  0    Dex:  9    Spells: 9/9 levels left

rFire    . . .     SeeInvis +   f - +0 short sword (elec)
rCold    . . .     Faith    .   (no shield)
rNeg     . . .     Spirit   .   i - +0 ring mail
rPois    +         Reflect  .   (no helmet)
rElec    .         Harm     .   (no cloak)
rCorr    .         Rampage  .   (no gloves)
Will     .....                  (no barding)
Stlth    +.........             (no amulet)
HPRegen  0.13/turn              (no ring)
MPRegen  0.11/turn              (no ring)

@: very slow
A: large, see invisible, deformed body, poison resistance, slowness 2, spit
poison 1, AC +1
a: Spit Poison


You were on level 2 of the Dungeon.
You visited 1 branch of the dungeon, and saw 2 of its levels.

You collected 93 gold pieces.

Inventory:

Hand Weapons
 f - a +0 short sword of electrocution (weapon)
Armour
 d - a +0 robe
 i - a +0 ring mail (worn)
Jewellery
 a - an uncursed ring of fire {unknown}
Scrolls
 c - 4 scrolls of identify
 h - a scroll of noise
 l - a scroll of enchant armour {unknown}
Potions
 b - 2 potions of curing
 e - 3 potions of attraction {unknown}
 g - a potion of flight {unknown}
 j - a potion of brilliance {unknown}


   Skills:
 + Level 2.9 Fighting
 - Level 1.0 Maces & Flails
 - Level 1.0 Throwing
 + Level 1.5 Armour
 + Level 1.5 Dodging
 - Level 1.5 Stealth
 - Level 3.0 Spellcasting
 - Level 1.0 Necromancy
 - Level 1.0 Translocations


You had 9 spell levels left.
You didn't know any spells.
Your spell library contained the following spells:

 Spells                   Type           Power        Failure   Level
 Apportation              Tloc           8%           28%         1
 Magic Dart               Conj           4%           41%         1
 Blink                    Tloc           N/A          41%         2
 Call Imp                 Summ           1%           54%         2
 Slow                     Hex            1%           54%         2
 Gell's Gravitas          Tloc           2%           65%         3
 Conjure Flame            Conj/Fire      1%           78%         3
 Mephitic Cloud           Conj/Pois/Air  1%           78%         3


Dungeon Overview and Level Annotations

Branches:
Dungeon (2/15)

Altars:
Yredelemnul
The Shining One


Innate Abilities, Weirdness & Mutations

You cannot wear boots.
Your serpentine skin is tough. (AC +1)
You have supernaturally acute eyesight. (SInv)
Armour fits poorly on your strangely shaped body.
Your system is resistant to poisons. (rPois)
You cover ground very slowly.
You can spit poison.


Message History

Unknown command.
You hit the gnoll.
The gnoll is heavily wounded.
The gnoll hits you from afar with a +0 halberd!
* * * LOW HITPOINT WARNING * * *
Unknown command.
Unknown command.
Okay, then.
Okay, then.
As you read the scroll labelled CYPLARO SUKE, it crumbles to dust.
It is a scroll of identify.
h - a scroll of noise The gnoll barely misses you.
The gnoll hits you from afar with a +0 halberd.
* * * LOW HITPOINT WARNING * * *
Unknown command.
As you read the scroll labelled UBYBABIESU, it crumbles to dust.
The creatures around you are filled with an inner flame!
It was a scroll of immolation.
The gnoll hits you.
You die...

##.# #^## #....#
...# #.#
#..####....##...#
#.#
##..##........#
###.#
###....##..†###
.##.#
.##........###
.##.#
#.........#.#
..#.#
##.....###.##.#
#.†.##....##.
#†##..
##..#..##.##.
#@###.#
#..#.....##. #g#
.# ##....#


ggg .. #..#.# ...#. .. ###.)..# ##..### ....#..# #... #####..#########..
.......#>......... .#####.#†....... You could see 4 gnolls.

Vanquished Creatures
  2 adders (D:2)
  An ooze (D:1)
  A worm (D:2)
  A dart slug (D:1)
  A leopard gecko (D:1)
  3 giant cockroaches
  5 goblins
  6 hobgoblins (D:1)
  2 jackals (D:1)
  4 kobolds
  4 bats
  2 frilled lizards (D:1)
  7 rats
39 creatures vanquished.

Notes
Turn   | Place    | Note
-------+----------+-------------------------------------------
     0 | D:1      | MajorAdolf the Naga Wanderer began the quest for the Orb.
     0 | D:1      | MajorAdolf set off with the following items: a +0 club, a
                  | potion of curing, a +0 robe; and the following spells
                  | available to memorise: Apportation, Magic Dart, Blink, Call
                  | Imp, Slow, Gell's Gravitas, Conjure Flame, Mephitic Cloud
     0 | D:1      | Reached XP level 1. HP: 19/19 MP: 4/4
   232 | D:1      | Reached XP level 2. HP: 17/26 MP: 6/6
   739 | D:1      | Reached skill level 1 in Armour
   957 | D:1      | Reached skill level 1 in Dodging
  1072 | D:1      | Reached XP level 3. HP: 33/33 MP: 7/7
  1949 | D:2      | Reached XP level 4. HP: 14/40 MP: 8/8
  2184 | D:2      | Found a glowing golden altar of the Shining One.
  2193 | D:2      | Found a basalt altar of Yredelemnul.
  2197 | D:2      | Noticed a profane servitor
  2260 | D:2      | HP: 2/40 [gnoll/+0 halberd (2)]
  2261 | D:2      | Slain by a gnoll

Illustrated notes

Levels and vault maps discovered:
D:1:      nagdon_arrival_double_spiral, layout_loops_ring, chequers_avenue
D:2:      layout_rooms, grunt_temple_overflow_holy_war

Skill      XL: |  1  2 |
---------------+-------+-----
Armour         | 1 |  1.5
Dodging        | 1 |  1.5
Fighting       | |  2.9
Maces & Flails | |  1.0
Throwing       | |  1.0
Stealth        | |  1.5
Spellcasting   | |  3.0
Necromancy     | |  1.0
Translocations | |  1.0

Action                   |  1- 3 |  4- 6 || total
-------------------------+-------+-------++-------
Melee: Club              |    25 |       ||    25
       Short sword       |    66 |    12 ||    78
 Abil: Spit Poison       |     9 |       ||     9
  Use: Scroll            |       |     2 ||     2
 Stab: Sleeping          |     1 |       ||     1
Armor: Robe              |     6 |       ||     6
       Ring mail         |     9 |     4 ||    13
Dodge: Dodged            |    36 |    10 ||    46
